AoeStats
← 海峡

Runestones

507664086Analyzed
1v1 RM · 14d ago on Sep 19, 2026· 29m 43s· 2 players
Game mode
Random Map
Map size
Tiny (2 player)
Population
200
Speed
Normal
Resources
Standard
Victory
Conquest
Starting age
Dark Age
Ending age
Imperial Age
RankedLock teamsTeams togetherTeam positionsShared explorationLock speedFull tech treeHidden civsTurbo modeCheats
Victory
Defeat
🇪🇸 Persians · Spain
1804
+13
🇨🇳 Goths · China
1734
-13
海峡
0:35 Loom
8:56 Feudal Age
9:05 Man-at-Arms
14:13 Double-Bit Axe
16:47 Fletching
17:30 Padded Archer Armor
23:24 Castle Age
21:31 Horse Collar
21:48 Stone Mining
23:08 Gold Mining
24:22 Bow Saw
28:03 Scale Mail Armor
_DaViCy_
5:31 Loom
7:56 Feudal Age
9:32 Double-Bit Axe
21:33 Castle Age
20:27 Fletching
20:19 Horse Collar
21:46 Padded Archer Armor
22:03 Bodkin Arrow
21:39 Crossbowman
23:24 Bow Saw
23:59 Bloodlines
25:59 Scale Barding Armor
27:53 Gold Mining
Connection lost

Rejoining the realm…

Still unreachable

The connection could not be restored.

Session expired

The server has moved on; the page needs a fresh start.